 Dungeon Crawl Stone Soup version 0.24-a0-277-g67e6301 (webtiles) character file.

Game seed: 11225034529464006427

93 vorskei the Magician (level 4, -43/24 HPs)
             Began as a Deep Elf Wizard on Apr 28, 2019.
             Killed from afar by a goblin (49 damage)
             ... with an exploding inner flame
             ... led by Robin
             ... hexed by the player character
             ... on level 3 of the Dungeon.
             The game lasted 00:05:18 (2126 turns).

vorskei the Magician (Deep Elf Wizard)              Turns: 2126, Time: 00:05:19

Health: -43/24     AC:  0    Str:  3 (4)  XL:     4   Next: 37%
Magic:  15/15      EV: 14    Int: 22 (24) God:
Gold:   50         SH:  5    Dex: 10 (13) Spells: 6/17 levels left

rFire    . . .     SeeInvis .   (weapon currently unavailable)
rCold    . . .     Gourm    .   (shield currently unavailable)
rNeg     . . .     Faith    .   (armour currently unavailable)
rPois    .         Spirit   .   (helmet currently unavailable)
rElec    .         Reflect  +   (cloak currently unavailable)
rCorr    .         Harm     .   (gloves currently unavailable)
MR       .....                  (boots currently unavailable)
Stlth    ++........             f - +5 amulet of reflection
HPRegen  0.08/turn              (ring currently unavailable)
MPRegen  0.14/turn              (ring currently unavailable)

@: pig-form, very quick
A: small
a: no special abilities


You were on level 3 of the Dungeon.
You were hungry.
You were a filthy swine.
You visited 1 branch of the dungeon, and saw 3 of its levels.

You collected 50 gold pieces.

Inventory:

Hand Weapons
 e - a +0 dagger (melded)
Missiles
 o - 26 arrows
Armour
 a - a +0 robe (melded)
 j - a +0 helmet (melded)
 r - a +0 pair of gloves (melded)
Jewellery
 f - a +5 amulet of reflection (around neck)
Scrolls
 n - 5 scrolls of identify {unknown}
 q - a scroll of fog {unknown}
Potions
 h - a potion of curing
 i - 3 potions of heal wounds {unknown}
 l - a potion of agility {unknown}
Comestibles
 d - 6 rations


   Skills:
 - Level 2.4 Dodging
 - Level 2.4 Stealth
 + Level 7.2 Spellcasting
 - Level 1.1 Conjurations
 - Level 1.1 Summonings
 - Level 1.1 Translocations


You had 6 spell levels left.
You knew the following spells:

 Your Spells              Type           Power        Failure   Level  Hunger
a - Blink                 Tloc           N/A          8%          2    None
e - Mephitic Cloud        Conj/Pois/Air  #.......     21%         3    None
q - Magic Dart            Conj           ##..         5%          1    None
s - Call Imp              Summ           ##......     8%          2    None
w - Conjure Flame         Conj/Fire      ##......     19%         3    None

Your spell library contained the following spells:

 Spells                   Type           Power        Failure   Level  Hunger
 Slow                     Hex            #.......     12%         2    None


Dungeon Overview and Level Annotations

Branches:
Dungeon (3/15)

Altars:

Annotations:
D:3 Robin


Message History

The goblins go into a battle-frenzy!
The goblin misses you.
Okay, then.
It was a potion of curing.
You feel better. The goblin barely misses you. x2
You barely miss the goblin.
The goblin is moderately wounded.
The goblin misses you. The goblin hits you with a +0 dagger.
You closely miss the goblin.
The goblin is moderately wounded.
The goblin misses you. The goblin barely misses you.
You hit the goblin.
The goblin is severely wounded.
You block the goblin's attack. The goblin hits you with a +0 club.
* * * LOW HITPOINT WARNING * * *
You can't do that in your present form.
You hit the goblin.
The goblin explodes!
The fiery explosion engulfs you!!!
Ouch! That really hurt!
You die...

## ## .# .
.#.#
##.#.###
#......
#..#.#
#####....#
#.§hgg#
#.###g...#
#.# #..#.#
...=....#
#......
....##..#
##.#.##.$
## #..#
.#... .
#... .#
##. ....
.. ##.#


You could see Robin (inner flame), a hobgoblin (inner flame) and a goblin (inner
flame).

Vanquished Creatures
  3 adders
  A worm (D:2)
  A dart slug (D:2)
  A leopard gecko (D:2)
  2 orcs (D:3)
  A ball python (D:2)
  6 bats
  4 giant cockroaches
  10 goblins
  7 hobgoblins
  3 jackals (D:1)
  4 frilled lizards
  2 kobolds
  12 rats
57 creatures vanquished.

Notes
Turn   | Place    | Note
-------+----------+-------------------------------------------
     0 | D:1      | vorskei the Deep Elf Wizard began the quest for the Orb.
     0 | D:1      | Reached XP level 1. HP: 10/10 MP: 7/7
   165 | D:1      | Reached skill level 5 in Spellcasting
   182 | D:1      | Reached XP level 2. HP: 15/15 MP: 3/10
   768 | D:2      | Reached XP level 3. HP: 19/19 MP: 6/12
   801 | D:2      | Reached skill level 6 in Spellcasting
   910 | D:2      | Learned a level 2 spell: Blink
   913 | D:2      | Learned a level 2 spell: Call Imp
   917 | D:2      | Learned a level 3 spell: Conjure Flame
   921 | D:2      | Learned a level 3 spell: Mephitic Cloud
  1705 | D:2      | Noticed a water moccasin
  1737 | D:2      | Reached XP level 4. HP: 24/24 MP: 9/14
  1908 | D:3      | Reached skill level 7 in Spellcasting
  1925 | D:3      | Noticed Robin
  2120 | D:3      | HP: 1/24 [goblin/+0 dagger[Robin] (3)]
  2126 | D:3      | Killed from afar by a goblin

Levels and vault maps discovered:
D:1:      wander_arrival_estate, layout_rooms, serial_forest,
          infiniplex_forest_3_way, infiniplex_forest_lined_4_way,
          infiniplex_forest_clump_curved, infiniplex_forest_clump_medium,
          minmay_heptomino_l4
D:2:      layout_basic, first_ration, lightli_corner_chamber
D:3:      layout_loops_ring, overflow_temple_1_default, portal_sewer_entry_d,
          uniq_jessica, uniq_robin

Skill      XL: |  1  2  3  4 |
---------------+-------------+-----
Spellcasting   | 5 6 7 |  7.2
Dodging        | |  2.4
Stealth        | |  2.4
Conjurations   | |  1.1
Summonings     | |  1.1
Translocations | |  1.1

Action                   |  1- 3 |  4- 6 || total
-------------------------+-------+-------++-------
Melee: Dagger            |     8 |     3 ||    11
       Unarmed           |       |    10 ||    10
 Cast: Magic Dart        |   109 |    27 ||   136
       Blink             |       |     1 ||     1
  Use: Scroll            |       |     5 ||     5
       Potion            |       |     2 ||     2
 Stab: Sleeping          |     1 |       ||     1
  Eat: Chunk             |     2 |     1 ||     3
Armor: Robe              |     7 |     1 ||     8
Dodge: Dodged            |    34 |    23 ||    57
Block: Other             |    10 |     2 ||    12
       Reflection        |     1 |       ||     1

Table legend:
 A = Non-vault XP
 B = Vault XP
 C = Vault XP percentage of total XP
 D = Non-vault monster count
 E = Vault monster count
 F = Vault count percentage of total count
                 A         B        C        D         E       F
            +---------+---------+-------+---------+---------+-------
      Total |     123 |      11 |   8.2 |      51 |       6 |  10.5
            +---------+---------+-------+---------+---------+-------
        D:1 |      32 |       5 |  13.5 |      22 |       3 |  12.0
        D:2 |      69 |       0 |   0.0 |      25 |       0 |   0.0
        D:3 |      22 |       6 |  21.4 |       4 |       3 |  42.9
            +---------+---------+-------+---------+---------+-------
